 Dungeon Crawl Stone Soup version 0.30-a0-462-gd5975efbca (webtiles) character file.

Game seed: 7056113666708250447

49163 LnG the Unseen (level 14, -19/80 HPs)
             Began as a Kobold Summoner on Dec 15, 2022.
             Was a High Priest of Dithmenos.
             Demolished by a red ugly thing (22 damage)
             ... on level 14 of the Dungeon on Dec 16, 2022.
             The game lasted 01:17:24 (21186 turns).

LnG the Unseen (Kobold Summoner)                   Turns: 21186, Time: 01:17:24

Health: -19/80     AC: 18    Str:  6    XL:     14   Next: 90%
Magic:  26/26      EV: 22    Int: 20    God:    Dithmenos [*****.]
Gold:   625        SH:  5    Dex: 16    Spells: 10/30 levels left

rFire   . . .      SeeInvis .    x - +7 short sword (venom)
rCold   + . .      Faith    .    (no shield)
rNeg    . . .      Spirit   .    s - +2 leather armour {rC+}
rPois   .          Reflect  +    n - +1 helmet
rElec   .          Harm     .    F - +2 cloak
rCorr   .          Rampage  .    (no gloves)
Will    +....                    g - +2 pair of boots Stlth ***+++++++
                                 y - amulet of reflection
HPRegen 0.33/turn                k - ring of wizardry
MPRegen 0.20/turn                G - +4 ring of protection

@: about to teleport, wreathed by umbra
A: small, no large weapons, nightstalker 3
a: Renounce Religion, Shadow Step, Shadow Form


You were on level 14 of the Dungeon.
You worshipped Dithmenos.
Dithmenos was extremely pleased with you.
You visited 2 branches of the dungeon, and saw 16 of its levels.

You collected 1048 gold pieces.
You spent 423 gold pieces at shops.

Inventory:

Hand Weapons
 h - a +0 arbalest
 x - a +7 short sword of venom (weapon)
Armour
 g - a +2 pair of boots (worn)
 n - a +1 helmet (worn)
 s - a +2 leather armour of cold resistance (worn)
 F - a +2 cloak (worn)
Jewellery
 k - a ring of wizardry (left hand)
 v - a ring of positive energy
 y - an amulet of reflection (around neck)
 z - a ring of resist corrosion
 G - a +4 ring of protection (right hand)
 L - a ring of willpower
Wands
 t - a wand of charming (16)
 w - a wand of light (10)
 D - a wand of flame (35)
 E - a wand of polymorph (5)
Scrolls
 a - a scroll of silence
 c - 2 scrolls of magic mapping
 d - 2 scrolls of identify
 e - 4 scrolls of immolation
 i - a scroll of noise
 j - 5 scrolls of fog
 l - 11 scrolls of teleportation
 u - 4 scrolls of brand weapon
 A - 2 scrolls of amnesia
 H - a scroll of torment
 I - 3 scrolls of poison {unknown}
 J - 3 scrolls of vulnerability {unknown}
Potions
 b - 2 potions of magic
 f - 3 potions of resistance {unknown}
 m - a potion of degeneration {unknown}
 p - a potion of flight {unknown}
 q - 2 potions of might
 r - 3 potions of lignification
 B - 3 potions of ambrosia {unknown}
 C - 8 potions of curing
 K - a potion of berserk rage {unknown}
 M - 2 potions of invisibility
 N - 3 potions of mutation


   Skills:
 + Level 6.1 Fighting
 + Level 10.5 Short Blades
 + Level 0.8 Ranged Weapons
 - Level 4.1 Armour
 * Level 14.3 Dodging
 * Level 19.2 Stealth
 - Level 3.2 Shields
 + Level 8.8 Spellcasting
 + Level 2.6 Hexes
 + Level 9.3 Summonings
 + Level 1.7 Air Magic
 * Level 2.9 Invocations


You had 10 spell levels left.
You knew the following spells:

 Your Spells              Type           Power      Damage    Failure   Level
a - Summon Small Mammal   Summ           100%       N/A       1%          1
b - Call Imp              Summ           46%        N/A       1%          2
c - Call Canine Familiar  Summ           46%        N/A       1%          3
d - Summon Guardian Gole  Hex/Summ       32%        N/A       1%          3
e - Summon Lightning Spi  Summ/Air       31%        N/A       4%          4
f - Summon Hydra          Summ           23%        N/A       61%         7

Your spell library contained the following spells:

 Spells                   Type           Power      Damage    Failure   Level
 Apportation              Tloc           16%        N/A       4%          1
 Kiss of Death            Conj/Necr      32%        2d7       4%          1
 Necrotise                Necr           32%        1d5       4%          1
 Sandblast                Erth           16%        2d6       4%          1
 Ensorcelled Hibernation  Hex/Ice        28%        N/A       4%          2
 Confusing Touch          Hex            19%        N/A       4%          3
 Passwall                 Tmut/Erth      6%         N/A       8%          2
 Sublimation of Blood     Necr           8%         N/A       8%          2
 Wereblood                Tmut           8%         N/A       8%          2
 Portal Projectile        Hex/Tloc       28%        N/A       9%          3
 Ignite Poison            Fire/Tmut/Pois 8%         N/A       14%         3
 Spider Form              Tmut/Pois      8%         N/A       14%         3
 Stone Arrow              Conj/Erth      16%        3d8       14%         3
 Vampiric Draining        Necr           8%         2d6       14%         3
 Anguish                  Hex/Necr       7%         N/A       26%         4
 Leda's Liquefaction      Hex/Erth       7%         N/A       26%         4
 Dispel Undead            Necr           8%         3d8       41%         4
 Petrify                  Tmut/Erth      8%         N/A       41%         4
 Sticky Flame             Conj/Fire      8%         2d3       41%         4
 Metabolic Englaciation   Hex/Ice        7%         N/A       56%         5
 Agony                    Necr           8%         N/A       75%         5
 Alistair's Intoxication  Tmut/Pois      5%         N/A       75%         5
 Statue Form              Tmut/Erth      5%         N/A       99%         6
 Ignition                 Fire           4%         3d4       100%        8


Dungeon Overview and Level Annotations

Branches:
Dungeon (15/15)            Temple (1/1) D:5            Lair (0/5) D:9
    Orc (0/2) D:11         Vaults (0/5) D:14         Depths (0/4) D:15

Altars:
Ashenzari
Cheibriados
Dithmenos
Elyvilon
Fedhas
Gozag
Hepliaklqana
Kikubaaqudgha
Makhleb
Nemelex Xobeh
Okawaru
Qazlal
Ru
Sif Muna
Trog
Uskayaw
Vehumet
Wu Jian
Xom
Yredelemnul
Zin
The Shining One

Shops:
D:3 :   D:4 (?   D:8 *   D:13 !   D:14 :   D:15 !


Innate Abilities, Weirdness & Mutations

You are small and have problems with some larger weapons.
You are completely attuned to the shadows.


Message History

Your wolf barely misses the green ugly thing.
The green ugly thing completely misses you.
You closely miss the green ugly thing.
The green ugly thing is severely wounded.
Your wolf barely misses the green ugly thing.
Your shadow imp hits the green ugly thing.
You puncture the green ugly thing!
The green ugly thing is almost dead.
Your wolf bites the green ugly thing.
The green ugly thing misses your wolf.
You hit the green ugly thing.
The green ugly thing is almost dead.
Your wolf bites the green ugly thing.
Your shadow imp gestures at the green ugly thing.
The green ugly thing resists with significant effort.
You puncture the green ugly thing!
You kill the green ugly thing!
Dithmenos accepts your kill.
You start resting.
Magic restored.
You start resting.
Your shadow imp disappears in a puff of smoke!
Your wolf disappears in a puff of smoke!
HP restored.
You climb downwards.
The red ugly thing misses you. The red ugly thing pecks you.
You are engulfed in flames!!
There is a stone staircase leading up here.
The red ugly thing punches you.
You are engulfed in flames!
The red ugly thing pecks you!
You are engulfed in flames!
* * * LOW HITPOINT WARNING * * *
You climb upwards.
There is a stone staircase leading down, spattered with blood here.
You see here an ugly thing skeleton.
As you read the scroll of teleportation, it crumbles to dust.
You feel strangely unstable. You block the red ugly thing's attack.
The red ugly thing pecks you but does no damage.
The red ugly thing attacks as you move away!
The red ugly thing punches you!
* * * LOW HITPOINT WARNING * * *
You are engulfed in flames!!
You die...

..####...###...# ##..... ..#
###.###...## ##......
..######.##.....# ##...####
...P..##........## ##...##
..)...#..........## ##...##
#.P........##.....#####...##
##P)PP.#####..............#
###...#..........รท.......##
.....#..........@u.......##
.......)........u.###.....#######
.................[######...#...##
..##................## ###.......
####.................## ##.....P
# #...##.............## #.......
#...#.....h>........###..#8..8
#...#.............[..##..##...
####....................##..####.


You could see 2 ugly things.

Vanquished Creatures
  Jorgrun (D:14)
  Agnes (D:15)
  A vault guard (D:14)
  2 rakshasas
  A hydra (D:14)
  7 boulder beetles
  5 centaur warriors
  2 two-headed ogres
  A tengu warrior (D:14)
  4 skeletal warriors (D:14)
  A wizard (D:14)
  4 wolf spider zombies (D:14)
  3 deep elf pyromancers
  7 ugly things
  A manticore (D:11)
  4 cyclopes
  Maurice (D:9)
  6 centaur zombies (D:14)
  2 centaur skeletons (D:11)
  3 efreet
  A freezing wraith (D:15)
  2 kobold demonologists (D:10)
  A harpy zombie (D:14)
  A hellwing (D:11)
  3 trolls
  A hornet (D:10)
  A raiju (shapeshifter) (D:14)
  3 meliai zombies (D:11)
  4 slime creatures
  3 wraiths
  7 shadows
  9 yaks
  2 wyverns
  A steam dragon (D:7)
  7 vampire mosquitoes
  Menkaure (D:4)
  3 acid dragons
  An orc warrior (D:9)
  2 sky beasts (D:7)
  A hornet zombie (D:14)
  2 ogres
  7 centaurs
  3 kobold brigands
  2 phantoms
  2 bullfrogs
  2 gnoll sergeants
  4 killer bees
  4 electric eels
  3 howler monkeys (D:13)
  2 hounds
  2 jellies
  An orc priest (D:6)
  A gnoll bouda (D:9)
  4 iguanas
  Natasha (twice) (D:4)
  2 orc wizards
  3 adders (D:4)
  12 gnolls
  3 shadow imps
  2 white imps
  3 ufetubi
  A worm (D:3)
  3 dart slugs
  16 orcs
  5 ball pythons
  3 endoplasms
  A giant cockroach (D:4)
  14 goblins
  7 hobgoblins
  12 kobolds
  2 quokkas
  4 bats
  2 frilled lizards (D:1)
  2 rats
249 creatures vanquished.

Vanquished Creatures (collateral kills)
  2 centaur warriors (D:15)
  A skeletal warrior (D:14)
  3 ugly things
  Joseph (D:10)
  A centaur zombie (D:11)
  A centaur skeleton (D:11)
  2 gargoyles
  A komodo dragon (D:11)
  An efreet (D:15)
  2 unseen horrors (D:11)
  A vampire (D:11)
  Eustachio (D:4)
  Pargi (D:3)
  2 ogres
  3 centaurs (D:13)
  2 phantoms (D:5)
  A scorpion (D:3)
  A killer bee (D:9)
  A gnoll bouda (D:9)
  An orc priest (D:6)
  A hound (D:5)
  4 orc wizards
  Robin (D:3)
  7 gnolls
  3 adders
  A white imp (D:6)
  A dart slug (D:4)
  9 orcs
  A ball python (D:4)
  A giant cockroach (D:4)
  4 hobgoblins
  2 jackals (D:4)
  A frilled lizard (D:1)
  3 goblins
  5 kobolds
73 creatures vanquished.

Vanquished Creatures (others)
  A two-headed ogre (D:9)
  2 tengu warriors (D:14)
  A skeletal warrior (D:14)
  Amaemon (D:9)
  An orange demon (D:9)
  6 yaks (D:9)
  An orc warrior (D:6)
  A black bear (D:5)
  An ogre (D:5)
  A centaur (D:13)
  An orc priest (D:6)
  3 bushes (D:15)
  4 fungi (D:9)
  14 plants
  3 withered plants
41 creatures vanquished.

Grand Total: 363 creatures vanquished

Notes
Turn   | Place    | Note
-------+----------+-------------------------------------------
     0 | D:1      | LnG the Kobold Summoner began the quest for the Orb.
     0 | D:1      | Reached XP level 1. HP: 10/10 MP: 3/3
   320 | D:1      | Reached XP level 2. HP: 15/15 MP: 1/5
   323 | D:1      | Learned a level 2 spell: Call Imp
   485 | D:1      | Reached skill level 3 in Stealth
   837 | D:1      | Reached XP level 3. HP: 16/19 MP: 6/6
   933 | D:1      | Learned a level 3 spell: Call Canine Familiar
  1129 | D:2      | Found a faded altar of an unknown god.
  1764 | D:3      | Found a sparkling altar of Nemelex Xobeh.
  1796 | D:3      | Found a hazy altar of Hepliaklqana.
  1803 | D:3      | Noticed Pargi
  1924 | D:3      | Reached skill level 4 in Stealth
  1924 | D:3      | Reached XP level 4. HP: 24/24 MP: 3/7
  1970 | D:3      | Found Ycusic's Book Shop.
  2011 | D:3      | Found a shimmering blue altar of Sif Muna.
  2066 | D:3      | Killed Pargi
  2067 | D:3      | Reached skill level 5 in Stealth
  2067 | D:3      | Reached XP level 5. HP: 18/28 MP: 2/8
  2203 | D:3      | Found a burning altar of Makhleb.
  2308 | D:3      | Noticed Robin
  2479 | D:3      | Killed Robin
  2480 | D:3      | Reached XP level 6. HP: 13/33 MP: 5/9
  2940 | D:4      | Noticed Menkaure
  3044 | D:3      | Reached skill level 1 in Fighting
  3084 | D:4      | Killed Menkaure
  3085 | D:4      | Reached skill level 6 in Stealth
  3085 | D:4      | Reached XP level 7. HP: 18/38 MP: 7/11
  3348 | D:4      | Noticed Natasha
  3349 | D:4      | Killed Natasha
  3352 | D:4      | Reached skill level 5 in Dodging
  3711 | D:4      | Found Sola Unest's Weapon Shop.
  3714 | D:4      | Upgraded the game from 0.30-a0-459-g9104f0fc43 to
                  | 0.30-a0-462-gd5975efbca
  3851 | D:4      | Learned a level 3 spell: Summon Guardian Golem
  3971 | D:4      | Noticed Eustachio
  3984 | D:4      | Killed Eustachio
  3985 | D:4      | Reached skill level 7 in Stealth
  3985 | D:4      | Reached XP level 8. HP: 36/44 MP: 9/13
  4054 | D:4      | Found Zocky's Magic Scroll Shoppe.
  4078 | D:4      | Bought a scroll of brand weapon for 114 gold pieces
  4078 | D:4      | Bought a scroll of identify for 24 gold pieces
  4271 | D:4      | Noticed Natasha
  4295 | D:4      | Killed Natasha
  4296 | D:4      | Reached skill level 5 in Summonings
  4488 | D:5      | Entered Level 5 of the Dungeon
  4488 | D:5      | Found a staircase to the Ecumenical Temple.
  4505 | Temple   | Entered the Ecumenical Temple
  4670 | Temple   | Became a worshipper of Dithmenos the Shadowed
  5115 | D:5      | Found a glowing silver altar of Zin.
  5117 | D:5      | Found an opulent altar of Gozag.
  5265 | D:5      | Reached skill level 8 in Stealth
  5539 | D:5      | Reached XP level 9. HP: 31/49 MP: 9/15
  5544 | D:5      | Learned a level 4 spell: Summon Lightning Spire
  6673 | D:6      | Reached skill level 5 in Short Blades
  7097 | D:6      | Reached * piety under Dithmenos
  7853 | D:7      | Reached skill level 9 in Stealth
  7900 | D:7      | Found a sacrificial altar of Ru.
  8169 | D:7      | Found a glowing golden altar of the Shining One.
  8547 | D:8      | Identified the +1 scale mail "Afumaont" {rN+}
  8672 | D:7      | Reached skill level 1 in Armour
  8672 | D:7      | Reached skill level 5 in Spellcasting
  9022 | D:8      | Reached XP level 10. HP: 55/55 MP: 17/17
  9069 | D:8      | Found Goguul's Assorted Antiques.
  9074 | D:8      | Noticed a tengu warrior
  9153 | D:8      | Noticed a cyclops
  9205 | D:9      | Found a staircase to the Lair.
  9240 | D:9      | Noticed Maurice
  9249 | D:9      | Killed Maurice
  9250 | D:9      | Reached skill level 10 in Stealth
  9437 | D:9      | Noticed a two-headed ogre
  9451 | D:9      | Killed a two-headed ogre
  9452 | D:9      | Reached skill level 11 in Stealth
  9452 | D:9      | Reached skill level 1 in Hexes
  9571 | D:9      | Noticed Amaemon
  9593 | D:9      | Killed Amaemon
  9663 | D:9      | Reached ** piety under Dithmenos
  9803 | D:9      | Noticed a gargoyle
  9890 | D:9      | Killed a gargoyle
 10007 | D:9      | Noticed an orange demon
 10125 | D:9      | Reached XP level 11. HP: 60/60 MP: 15/20
 10197 | D:9      | Reached skill level 12 in Stealth
 10645 | D:10     | Entered Level 10 of the Dungeon
 10754 | D:10     | Reached skill level 10 in Dodging
 10935 | D:10     | Noticed a +0 hand axe
 11053 | D:10     | Found a hide-covered altar of Uskayaw.
 11053 | D:10     | Noticed a +0 hand axe
 11055 | D:10     | Noticed Joseph
 11075 | D:10     | Killed Joseph
 11291 | D:10     | Reached *** piety under Dithmenos
 12194 | D:11     | Reached skill level 1 in Shields
 12278 | D:11     | Reached skill level 13 in Stealth
 12355 | D:11     | Found a sacrificial altar of Ru.
 12859 | D:11     | Noticed a manticore
 13514 | D:11     | Reached XP level 12. HP: 34/66 MP: 18/22
 13957 | D:11     | Found a staircase to the Orcish Mines.
 14307 | D:12     | Noticed a two-headed ogre
 14320 | D:12     | Killed a two-headed ogre
 14490 | D:12     | Reached skill level 14 in Stealth
 14571 | D:12     | Noticed a two-headed ogre
 14974 | D:12     | Noticed a boulder beetle
 14978 | D:12     | Killed a boulder beetle
 15200 | D:13     | Noticed a skeletal warrior
 15399 | D:13     | Reached **** piety under Dithmenos
 15401 | D:13     | Noticed a centaur warrior
 15404 | D:13     | Killed a centaur warrior
 15492 | D:13     | Found Pitsoa's Distillery.
 15496 | D:13     | Bought a potion of invisibility for 120 gold pieces
 15496 | D:13     | Bought a potion of lignification for 45 gold pieces
 15496 | D:13     | Bought a potion of mutation for 120 gold pieces
 15628 | D:13     | Noticed a boulder beetle
 15632 | D:13     | Killed a boulder beetle
 15633 | D:13     | Reached skill level 5 in Fighting
 15633 | D:13     | Reached skill level 15 in Stealth
 15633 | D:13     | Reached XP level 13. HP: 72/72 MP: 23/23
 15941 | D:14     | Found Abloyshrahiri's Book Shop.
 16393 | D:14     | Reached skill level 16 in Stealth
 16403 | D:14     | Reached skill level 1 in Air Magic
 16598 | D:14     | Reached skill level 10 in Short Blades
 16624 | D:14     | Noticed a centaur warrior
 16633 | D:14     | Killed a centaur warrior
 16658 | D:14     | Noticed Jorgrun
 16753 | D:14     | Killed Jorgrun
 17189 | D:14     | Reached skill level 17 in Stealth
 17529 | D:14     | Reached XP level 14. HP: 78/78 MP: 26/26
 17671 | D:14     | Found a gate to the Vaults.
 17680 | D:14     | Reached ***** piety under Dithmenos
 17687 | D:14     | Reached skill level 18 in Stealth
 18231 | D:15     | Entered Level 15 of the Dungeon
 18231 | D:15     | Found Celiakuo's Distillery.
 18753 | D:15     | HP: 3/79 [boulder beetle (10)]
 19574 | D:15     | Reached skill level 19 in Stealth
 19588 | D:15     | Learned a level 7 spell: Summon Hydra
 20225 | D:15     | Reached skill level 1 in Invocations
 20731 | D:15     | Noticed Agnes
 20735 | D:15     | Killed Agnes
 21186 | D:14     | HP: 3/80 [red ugly thing (12)]
 21186 | D:14     | Demolished by a red ugly thing

Illustrated notes

Levels and vault maps discovered:
D:1:      lightli_arrival_maybe_door_vault, layout_loops_corners,
          minmay_tromino_v4_a
D:2:      layout_rooms, hellmonk_ecumenical_altar_inner_sanctum,
          grunt_decor_fettered
D:3:      layout_basic, mainiacjoe_overflow_24_doors,
          nicolae_overflow_crystal_walls, mainiacjoe_overflow_paths,
          bloody_makhleb, serial_shops, shop, guppyfry_early_lair_pool,
          uniq_pargi, uniq_robin
D:4:      layout_basic, serial_shops, kennysheep_mini_moat, shop,
          minmay_unequal, uniq_natasha, uniq_menkaure, uniq_eustachio
D:5:      layout_rooms, grunt_temple_overflow_gold_and_silver,
          minmay_temple_entry_overgrown
D:6:      layout_loops_corners
D:7:      layout_basic, nicolae_tso_carved_into_rock, overflow_temple_1_default
D:8:      layout_cave_pools, serial_shops, nicolae_shop_behind_doors
D:9:      layout_layer_cave, dpeg_oklobed_lair, uniq_maurice, uniq_amaemon
D:10:     layout_grid_maze, dancing_weapons_uskayaw, serial_bayou_pond_b,
          minivault_26, uniq_joseph
D:11:     cheibrodos_grave_circle, layout_cave_pools, orc_0_dummy,
          nicolae_ru_the_path_less_chosen
D:12:     layout_cave_pools
D:13:     layout_basic, serial_shops, nicolae_square_shop
D:14:     layout_layer_cave, david_vaults_5, serial_undead, serial_undead_a,
          serial_undead_b, serial_undead_f, serial_undead_e, serial_undead_c,
          serial_undead_f, serial_undead_c, serial_undead_a, serial_shops, shop,
          kennysheep_minor_cross, kennysheep_cross_room, uniq_jorgrun
D:15:     grunt_enter_depths_snipers, layout_irregular_city, serial_park_square3
          [serial_park_minivault_5x5_7], serial_shops, shop, minmay_between,
          uniq_agnes
Temple:   nicolae_temple_figure_eight

Skill      XL: |  1  2  3  4  5  6  7  8  9 10 11 12 13 14 |
---------------+-------------------------------------------+-----
Stealth        | 3 4 5 6 7 8 9 11 13 15 17 19 | 19.2
Dodging        | 3 4 5 7 8 9 11 12 13 14 | 14.3
Short Blades   | 2 3 4 5 6 8 9 10 | 10.5
Fighting       | 1 2 3 5 6 |  6.1
Spellcasting   | 3 4 5 6 7 8 |  8.8
Summonings     | 5 6 7 8 9 |  9.3
Armour         | 1 2 3 4 |  4.1
Hexes          | 1 2 |  2.6
Shields        | 1 2 3 |  3.2
Air Magic      | 1 |  1.7
Invocations    | 2 |  2.9
Ranged Weapons | |  0.8

Action                   |  1- 3 |  4- 6 |  7- 9 | 10-12 | 13-15 || total
-------------------------+-------+-------+-------+-------+-------++-------
Melee: Dagger            |    95 |    96 |   302 |       |       ||   493
       Punch             |       |     1 |     4 |    11 |    13 ||    29
       Short sword       |       |       |   207 |   689 |   497 ||  1393
 Fire: Arbalest          |       |       |       |     8 |       ||     8
 Cast: Summon Small Mamm |     2 |     1 |       |       |       ||     3
       Call Imp          |     3 |     1 |     8 |     5 |     7 ||    24
       Call Canine Famil |     1 |     7 |    30 |    34 |    22 ||    94
       Summon Guardian G |       |       |     6 |    12 |     8 ||    26
       Summon Lightning  |       |       |       |     8 |    13 ||    21
  Use: Scroll            |       |       |     6 |    14 |     7 ||    27
       Potion            |       |       |     3 |     3 |     2 ||     8
 Stab: Sleeping          |    13 |     4 |    23 |    36 |    34 ||   110
       Distracted        |     2 |     1 |     4 |    10 |    13 ||    30
       Invisible         |       |       |       |       |     3 ||     3
Armor: Robe              |    19 |    23 |    78 |       |       ||   120
       Leather armour    |       |       |    29 |   217 |   123 ||   369
Dodge: Dodged            |    62 |    97 |   376 |   598 |   319 ||  1452
Block: Other             |       |       |       |   135 |    66 ||   201
       Reflection        |       |       |       |       |     3 ||     3

Table legend: (Time is in decaauts)
 A = Elapsed time spent in this place.
 B = Non-inter-level travel time spent in this place.
 C = Inter-level travel time spent in this place.
 D = Time resting spent in this place.
 E = Time spent auto-exploring this place.
 F = Levels seen in this place.
 G = Mean time per level.
                   A        B        C        D        E       F      G
               +--------+--------+--------+--------+--------+-----+--------+
         Total |  20593 |  19843 |    750 |   5534 |   9001 |  16 | 1287.1 |
       Dungeon |  20341 |  19602 |    739 |   5534 |   8785 |  15 | 1356.1 |
        Temple |    251 |    240 |     11 |      0 |    216 |   1 |  251.0 |
               +--------+--------+--------+--------+--------+-----+--------+

Top non-repeatable levels by time:
    D:14: 2762 daAuts
    D:10: 1991 daAuts
    D:15: 1879 daAuts
     D:6: 1578 daAuts
     D:4: 1554 daAuts
     D:9: 1507 daAuts
    D:11: 1397 daAuts
     D:3: 1355 daAuts
     D:5: 1201 daAuts
    D:13: 1161 daAuts
     D:1: 1095 daAuts
     D:7: 1088 daAuts
    D:12: 808 daAuts
     D:2: 566 daAuts
     D:8: 393 daAuts
